 Dungeon Crawl Stone Soup version 0.19.1 (webtiles) character file.

249 kae the Insei (level 5, -5/42 HPs)
             Began as a Demonspawn Monk on Dec 19, 2016.
             Was a Believer of Okawaru.
             Killed from afar by Dowan (16 damage)
             ... with a shard of ice
             ... on level 4 of the Dungeon.
             The game lasted 00:02:49 (3681 turns).

kae the Insei (Demonspawn Monk)                     Turns: 3681, Time: 00:02:50

Health: -5/42      AC:  5    Str: 11    XL:     5   Next: 86%
Magic:  4/6        EV: 18    Int: 11    God:    Okawaru [**....]
Gold:   108        SH:  0    Dex: 17    Spells: 0 memorised, 4 levels left

rFire  . . .     SeeInvis .       - Unarmed
rCold  . . .     Gourm    .     a - +1 robe
rNeg   . . .     Faith    .     (no shield)
rPois  .         Spirit   .     (no helmet)
rElec  .         Reflect  .     (no cloak)
rCorr  .         Harm     +     (no gloves)
MR     .....                    (no boots)
Stlth  +++.......               p - amulet of harm
                                (no ring)
                                (no ring)

@: heroism, slowed, very slow
A: hooves 1, icy blue scales 1
a: Heroism, Renounce Religion


You were on level 4 of the Dungeon.
You worshipped Okawaru.
Okawaru was pleased with you.
You were not hungry.

You visited 1 branch of the dungeon, and saw 4 of its levels.

You collected 108 gold pieces.

Inventory:

Armour
 a - a +1 robe (worn)
Jewellery
 p - an amulet of harm (around neck)
Scrolls
 d - a scroll of enchant weapon {unknown}
 f - a scroll of immolation {unknown}
 k - a scroll of identify
 m - a scroll of remove curse
 n - 2 scrolls of teleportation
Potions
 c - 2 potions of brilliance {unknown}
 e - 3 potions of curing
 g - a potion of magic
 h - 3 potions of heal wounds
 i - a potion of berserk rage {unknown}
 j - a potion of lignification {unknown}
Comestibles
 b - 4 bread rations
 l - a chunk of flesh
 s - 2 meat rations


   Skills:
 + Level 4.3(9.3) Fighting
 + Level 3.6(8.6) Dodging
 - Level 1.7(6.7) Stealth
 * Level 4.3(9.3) Unarmed Combat
 + Level 2.1 Invocations


You had 4 spell levels left.
You didn't know any spells.

Dungeon Overview and Level Annotations

Branches:
Dungeon (4/15)             Temple (0/1) D:4

Altars:
Okawaru
Qazlal
Uskayaw

Annotations:
D:4 Dowan


Innate Abilities, Weirdness & Mutations

You have large cloven feet.
You are partially covered in icy blue scales. (AC +2)


Message History

Dowan zaps a wand.
You feel yourself slow down.
It is a wand of slowing.
You hit Dowan. Your kick misses Dowan.
Dowan is moderately wounded.
Dowan hits you with a dagger.
Dowan zaps a wand.
You resist with some effort.
You miss Dowan. You kick Dowan, but do no damage.
Dowan is moderately wounded.
Dowan misses you. Dowan casts a spell at you. The shard of ice hits you!
Ouch! That really hurt!
* * * LOW HITPOINT WARNING * * *
You barely miss Dowan. You kick Dowan, but do no damage.
Dowan is moderately wounded.
Dowan barely misses you.
Dowan zaps a wand.
You resist with some effort.
Okay, then.
You gain the combat prowess of a mighty hero.
Dowan barely misses you. Dowan gestures at you while chanting.
The shard of ice hits you!
You die...

## # #######....>..# # #
##8###8#........##.#
................##'#####
.......................#
#.....e....................#
#...##8###8##.....)........#
##...## ## #.......##'#####
⌠...8########.......##'##
#...##....)@e...........#
#...##.#############....#
##...##.# #....# #8...8#.#
#....#### ##...##.#
#....#.## #...##.# #.......#
#......# #........ ######.#
#####.... #.# #.###


You could see Dowan.

Vanquished Creatures
  Duvessa (D:4)
  A worker ant (D:4)
  7 adders
  2 dart slugs
  4 leopard geckos
  4 orcs
  4 bats
  2 giant cockroaches
  6 goblins
  11 hobgoblins
  7 frilled lizards
  13 kobolds
  A rat (D:2)
63 creatures vanquished.

Notes
Turn   | Place    | Note
-------+----------+-------------------------------------------
     0 | D:1      | kae the Demonspawn Monk began the quest for the Orb.
     0 | D:1      | Reached XP level 1. HP: 18/18 MP: 1/1
   186 | D:1      | Gained mutation: You are partially covered in icy blue scales. (AC +2) [demonic ancestry]
   186 | D:1      | Reached XP level 2. HP: 24/24 MP: 2/2
   930 | D:2      | Reached XP level 3. HP: 29/29 MP: 3/3
  1302 | D:2      | Found a hide-covered altar of Uskayaw.
  1304 | D:2      | Found an iron altar of Okawaru.
  1415 | D:2      | Became a worshipper of Warmaster Okawaru
  1415 | D:2      | Reached * piety under Okawaru
  1415 | D:2      | Reached ** piety under Okawaru
  1695 | D:2      | Reached XP level 4. HP: 36/37 MP: 4/4
  2353 | D:3      | Found a stormy altar of Qazlal.
  2481 | D:3      | Reached skill level 1 in Invocations
  2849 | D:4      | Noticed Duvessa
  2867 | D:4      | Found a staircase to the Ecumenical Temple.
  3164 | D:4      | Gained mutation: You have large cloven feet. [demonic ancestry]
  3164 | D:4      | Reached XP level 5. HP: 14/42 MP: 4/6
  3627 | D:4      | Killed Duvessa
  3676 | D:4      | Noticed Dowan
  3681 | D:4      | Killed from afar by Dowan

Skill      XL: |  1  2  3  4  5 |
---------------+----------------+-----
Unarmed Combat | 3 4 |  4.3
Dodging        | 3 |  3.6
Invocations    | 1 2 |  2.1
Fighting       | 4 |  4.3
Stealth        | |  1.7

Action                   |  1- 3 |  4- 6 || total
-------------------------+-------+-------++-------
Melee: Unarmed           |   127 |   128 ||   255
       Punch             |     3 |     4 ||     7
       Kick              |       |     5 ||     5
Invok: Heroism           |       |     2 ||     2
  Use: Scroll            |       |     9 ||     9
 Stab: Sleeping          |     6 |     4 ||    10
  Eat: Chunk             |     2 |     7 ||     9
Armor: Robe              |    25 |    25 ||    50
Dodge: Dodged            |    69 |   100 ||   169
